 Dungeon Crawl Stone Soup version 0.29-a0-111-gbaf749a769 (webtiles) character file.

Game seed: 1446645195794247842

43437 johnnyslick the Peltast (level 13, 0/171 HPs)
             Began as a Minotaur Berserker on Feb 15, 2022.
             Was an Elder of Trog.
             Slain by an ogre mage (6 damage)
             ... on level 2 of the Orcish Mines on Feb 17, 2022.
             The game lasted 01:09:25 (16180 turns).

johnnyslick the Peltast (Minotaur Berserker)       Turns: 16180, Time: 01:09:26

Health: 0/171      AC: 29    Str: 26    XL:     13   Next: 90%
Magic:  10/10      EV:  8    Int:  9    God:    Trog [****..]
Gold:   1563       SH: 19    Dex: 11    Spells: 12/12 levels left

rFire   + . .      SeeInvis .   F - +4 spear (vorpal)
rCold   . . .      Faith    .   e - +1 kite shield
rNeg    + . .      Spirit   .   m - +5 plate armour of Rosk {Regen+ Int+3}
rPois   .          Reflect  +   (helmet restricted)
rElec   .          Harm     .   t - +1 cloak
rCorr   .          Rampage  .   o - +2 pair of gloves
Will    .....                   (no boots)
Stlth   ..........              r - amulet of reflection
HPRegen 1.18/turn               d - ring of positive energy
MPRegen 0.12/turn               E - ring of protection from fire

@: berserking (expiring), very quick
A: horns 2, retaliatory headbutt, iridescent scales 1, clever 1, low MP 1,
screaming 1, subdued magic 1
a: Renounce Religion, Berserk, Trog's Hand, Brothers in Arms


You were on level 2 of the Orcish Mines.
You worshipped Trog.
Trog was greatly pleased with you.
You visited 4 branches of the dungeon, and saw 18 of its levels.

You collected 1563 gold pieces.

Inventory:

Hand Weapons
 c - a +4 hand axe
 A - a +1 war axe of flaming
 D - a +2 vorpal war axe
 F - a +4 vorpal spear (weapon)
 G - a +2 spear of freezing
Missiles
 b - 11 atropa-tipped darts
 l - 499 stones
 s - 13 poisoned darts (quivered)
Armour
 e - a +1 kite shield (worn)
 j - a +0 plate armour
 m - the +5 plate armour of Rosk (worn) {Regen+ Int+3}
   (You found it on level 8 of the Dungeon)

   Int:       It affects your intelligence (+3).
   Regen:     It increases your rate of health regeneration.
 o - a +2 pair of gloves (worn)
 t - a +1 cloak (worn)
Jewellery
 d - a ring of positive energy (left hand)
 p - a ring of willpower
 r - an amulet of reflection (around neck)
 C - an amulet of regeneration
 E - a ring of protection from fire (right hand)
 I - a ring of protection from cold
Wands
 q - a wand of mindburst (7)
 v - a wand of acid (2)
 w - a wand of iceblast (6)
 y - a wand of digging (3)
Scrolls
 h - 6 scrolls of identify
 n - 3 scrolls of fog
 H - 2 scrolls of teleportation
Potions
 a - 2 potions of haste
 f - 2 potions of invisibility
 g - 5 potions of mutation
 i - 4 potions of curing
 k - 2 potions of lignification
 x - a potion of ambrosia
 z - 3 potions of flight
 B - a potion of heal wounds


   Skills:
 + Level 10.3 Fighting
 - Level 12.9(14.9) Axes
 + Level 12.2(14.5) Polearms
 + Level 1.0 Throwing
 + Level 14.0 Armour
 - Level 2.1 Dodging
 + Level 15.9 Shields
 + Level 1.7 Evocations


You had 12 spell levels left.
You didn't know any spells.
Your spell library was empty.

Dungeon Overview and Level Annotations

Branches:
Dungeon (9/15)             Temple (0/1) D:6            Lair (6/6) D:8
 Shoals (0/4) Lair:3        Snake (0/4) Lair:4        Slime (1/5) Lair:5
    Orc (2/2) D:9             Elf (0/3) Orc:2

Altars:
Hepliaklqana
Beogh

Shops:
D:6 *


Innate Abilities, Weirdness & Mutations

You have a pair of horns on your head.
You reflexively headbutt those who attack you in melee.
You are partially covered in iridescent scales. (AC +2)
Your mind is acute. (Int +2)
Your magical capacity is low. (-10% MP)
You occasionally shout uncontrollably at your foes.
Your spells are a little easier to cast, but a little less powerful.


Message History

You hear some strange, mumbled words.
The ogre mage seems to speed up.
The ogre mage casts a spell.
The ogre mage flickers and vanishes!
You puncture the two-headed ogre!
The two-headed ogre is almost dead.
Something hits you but does no damage.
You puncture the two-headed ogre!
You kill the two-headed ogre!
Trog accepts your kill. Something hits you!
* * * LOW HITPOINT WARNING * * *
Unknown command.
You hit the two-headed ogre. You headbutt the two-headed ogre!
The two-headed ogre is moderately wounded.
Something hits you but does no damage. x2
You impale the two-headed ogre!!
The two-headed ogre is heavily wounded.
You block the two-headed ogre's attack. x2
Something hits you but does no damage. Something hits you.
* * * LOW HITPOINT WARNING * * *
You hear some strange, mumbled words.
You are too berserk!
You puncture the two-headed ogre!
Your headbutt misses the two-headed ogre.
The two-headed ogre is lightly wounded.
Something hits you but does no damage.
You puncture the two-headed ogre!
The two-headed ogre is heavily wounded.
Something hits you but does no damage.
You puncture the two-headed ogre!
The two-headed ogre is severely wounded.
Something hits you.
* * * LOW HITPOINT WARNING * * *
You block the two-headed ogre's attack. x2
You puncture the two-headed ogre!
You kill the two-headed ogre!
Trog accepts your kill. Something hits you.
You die... ..#..# ......# ....# ##......# ...# ###......# OOO.O #..# #........# OO... #OO# ........
OO..

##OO######...... ##
#.O########..OO#@#.....# ..#
............O.{)).....## ....
.............O.#O......####....
.............O.O##......#....#
...............####.....#...#
...............# #.........#
### #.............##
##..#.....###.#
#..............#
##.##......#...
...............#
#..........##..


You could see 5 ogres.

Vanquished Creatures
  Nessos (Lair:4)
  A boulder beetle (D:8)
  8 hydras
  Erolcha (Orc:1)
  7 two-headed ogres
  The ghost of GaryGuesser the Protected, a novice MiBe of Trog (D:6)
  3 skeletal warriors (D:9)
  Nergalle (Lair:4)
  The ghost of shoop the Spear-Bearer, a novice MfAr (D:7)
  An orc sorcerer (Orc:1)
  A cyclops (Orc:2)
  A manticore (D:8)
  An elephant (D:8)
  3 black mambas
  Maggie (Lair:1)
  12 cane toads
  2 rime drakes
  7 komodo dragons
  3 trolls
  A hornet (D:9)
  Prince Ribbit (D:7)
  2 slime creatures (Lair:5)
  A polar bear (Lair:5)
  5 dream sheep (Lair:5)
  11 blink frogs
  51 yaks
  4 wyverns
  2 wraiths (D:9)
  2 steam dragons
  3 basilisks
  3 nagas (Lair:4)
  3 wargs (Orc:2)
  6 water moccasins
  An ice beast (D:7)
  3 black bears
  4 orc warriors
  A necrophage (D:5)
  A sky beast (D:5)
  6 ogres
  A centaur (D:8)
  2 wolves (Lair:5)
  A phantom (D:6)
  3 kobold brigands
  18 bullfrogs
  2 gnoll sergeants (D:9)
  6 scorpions
  A water moccasin zombie (D:6)
  3 wights (D:8)
  2 electric eels
  A vampire bat (Orc:1)
  4 howler monkeys (D:8)
  2 centaur zombies
  A bullfrog skeleton (D:5)
  2 hounds
  A gnoll shaman (D:4)
  2 orc priests
  An iguana (D:4)
  4 jellies
  A centaur skeleton (D:7)
  5 orc wizards
  2 killer bee zombies (D:8)
  A hound skeleton (D:5)
  A howler monkey zombie (D:8)
  15 gnolls
  3 adders
  A shadow imp (D:7)
  3 white imps
  An ufetubus (D:5)
  An adder skeleton (D:4)
  A worm (D:2)
  3 dart slugs
  29 orcs
  10 bats
  4 endoplasms
  2 giant cockroaches (D:2)
  4 goblins
  9 hobgoblins
  4 quokkas
  5 ball pythons
  5 frilled lizards
  15 kobolds
  8 rats
357 creatures vanquished.

Vanquished Creatures (collateral kills)
  An orc sorcerer (Orc:1)
  A komodo dragon (Lair:5)
  A snapping turtle (Lair:3)
  5 yaks (Lair:3)
  A water moccasin (Lair:5)
  2 orc warriors (Orc:1)
  3 wolves (Lair:5)
14 creatures vanquished.

Vanquished Creatures (others)
  An orc (Orc:1)
  A bush (Lair:5)
  13 fungi
  29 plants
44 creatures vanquished.

Grand Total: 415 creatures vanquished

Notes
Turn   | Place    | Note
-------+----------+-------------------------------------------
     0 | D:1      | johnnyslick the Minotaur Berserker began the quest for the
                  | Orb.
     0 | D:1      | Reached XP level 1. HP: 19/19 MP: 0/0
   454 | D:1      | Reached XP level 2. HP: 27/27 MP: 1/1
   879 | D:2      | Reached XP level 3. HP: 30/33 MP: 2/2
   938 | D:2      | Reached skill level 5 in Axes
   980 | D:2      | Reached ** piety under Trog
  1531 | D:2      | Found a faded altar of an unknown god.
  1585 | D:3      | Reached XP level 4. HP: 34/40 MP: 3/3
  1586 | D:3      | Reached skill level 1 in Shields
  2440 | D:4      | Noticed a scorpion
  2446 | D:4      | Killed a scorpion
  2447 | D:4      | Reached XP level 5. HP: 46/46 MP: 4/4
  2521 | D:4      | Reached skill level 2 in Shields
  2531 | D:4      | Noticed a black bear
  2542 | D:4      | Killed a black bear
  2543 | D:4      | Reached XP level 6. HP: 45/52 MP: 5/5
  2867 | D:4      | Reached skill level 3 in Shields
  3198 | D:5      | Entered Level 5 of the Dungeon
  3209 | D:5      | Reached XP level 7. HP: 59/59 MP: 6/6
  3624 | D:5      | Reached skill level 5 in Armour
  3624 | D:5      | Reached skill level 4 in Shields
  4386 | D:6      | Reached XP level 8. HP: 66/66 MP: 7/7
  4524 | D:6      | Reached skill level 5 in Shields
  4611 | D:6      | Found a staircase to the Ecumenical Temple.
  4919 | D:6      | Found Yvuekky's Mass Market.
  4968 | D:6      | Upgraded the game from 0.29-a0-103-g37f86683bf to
                  | 0.29-a0-111-gbaf749a769
  5062 | D:6      | Found a runed translucent gate.
  5062 | D:6      | Found a runed translucent gate.
  5063 | D:6      | Found a runed translucent gate.
  5065 | D:6      | Noticed GaryGuesser's ghost (novice MiBe)
  5387 | D:7      | Noticed Prince Ribbit
  5403 | D:7      | Killed Prince Ribbit
  5404 | D:7      | Reached skill level 6 in Shields
  5572 | D:7      | Reached skill level 10 in Axes
  5707 | D:7      | Found a runed translucent door.
  5707 | D:7      | Noticed shoop's ghost (novice MfAr)
  5775 | D:7      | Reached XP level 9. HP: 71/71 MP: 8/8
  5794 | D:7      | Reached skill level 7 in Shields
  5997 | D:7      | Found a hazy altar of Hepliaklqana.
  6351 | D:7      | Killed shoop's ghost
  6352 | D:7      | Reached skill level 8 in Shields
  6643 | D:8      | Noticed a boulder beetle
  6671 | D:8      | Noticed an elephant
  6746 | D:8      | Noticed a manticore
  6757 | D:8      | Killed a manticore
  6758 | D:8      | Reached skill level 5 in Fighting
  7026 | D:8      | Reached XP level 10. HP: 76/81 MP: 9/9
  7044 | D:8      | Reached skill level 10 in Armour
  7046 | D:8      | Reached skill level 9 in Shields
  7296 | D:6      | Killed GaryGuesser's ghost
  7443 | D:8      | Killed an elephant
  7564 | D:8      | Found a staircase to the Lair.
  7632 | D:8      | Killed a boulder beetle
  7633 | D:8      | Reached skill level 10 in Shields
  7885 | D:8      | Identified the +5 plate armour of Rosk {Regen+ Int+3}
  8465 | D:9      | Reached *** piety under Trog
  8481 | D:9      | Noticed a skeletal warrior
  8517 | D:9      | Killed a skeletal warrior
  8736 | D:9      | Reached XP level 11. HP: 78/89 MP: 10/10
  8773 | D:9      | Noticed a two-headed ogre
  8781 | D:9      | Killed a two-headed ogre
  8782 | D:9      | Reached skill level 11 in Shields
  8947 | D:9      | Reached skill level 1 in Polearms
  9074 | D:9      | Noticed a skeletal warrior
  9077 | D:9      | Noticed a skeletal warrior
  9172 | D:9      | Killed a skeletal warrior
  9274 | D:9      | Killed a skeletal warrior
  9332 | D:9      | Found a staircase to the Orcish Mines.
  9523 | Lair:1   | Entered Level 1 of the Lair of Beasts
  9527 | Lair:1   | Noticed a six-headed hydra
  9537 | Lair:1   | Killed a six-headed hydra
 10005 | Lair:1   | Noticed Maggie
 10016 | Lair:1   | Killed Maggie
 10094 | Lair:1   | Reached skill level 5 in Polearms
 10234 | Lair:1   | Reached skill level 12 in Shields
 10242 | Lair:1   | Noticed a seven-headed hydra
 10251 | Lair:1   | Killed a seven-headed hydra
 10374 | Lair:1   | Reached skill level 1 in Throwing
 10883 | Lair:2   | Reached XP level 12. HP: 100/100 MP: 11/11
 11167 | Lair:2   | Noticed a seven-headed hydra
 11171 | Lair:2   | Killed a seven-headed hydra
 11172 | Lair:2   | Reached skill level 1 in Evocations
 11719 | Lair:3   | Reached skill level 13 in Shields
 11985 | Lair:3   | Reached **** piety under Trog
 12043 | Lair:3   | Found a staircase to the Shoals.
 12363 | Lair:3   | Gained mutation: Armour fits poorly on your strangely
                  | shaped body. [potion of mutation]
 12397 | Lair:3   | Lost mutation: Armour fits poorly on your strangely shaped
                  | body. [potion of mutation]
 12397 | Lair:3   | Gained mutation: You have hidden genetic defects. [potion
                  | of mutation]
 12397 | Lair:3   | Gained mutation: Your magical capacity is low. (-10% MP)
                  | [potion of mutation]
 12397 | Lair:3   | Gained mutation: You are partially covered in iridescent
                  | scales. (AC +2) [potion of mutation]
 12397 | Lair:3   | Gained mutation: Your mind is acute. (Int +2) [potion of
                  | mutation]
 12625 | Lair:3   | Noticed an eight-headed hydra
 12637 | Lair:3   | Killed an eight-headed hydra
 13034 | Lair:4   | Noticed Nessos
 13048 | Lair:4   | Killed Nessos
 13121 | Lair:4   | Reached skill level 14 in Shields
 13140 | Lair:4   | Gained mutation: Your spells are a little easier to cast,
                  | but a little less powerful. [hidden defects]
 13150 | Lair:4   | Reached XP level 13. HP: 109/111 MP: 10/10
 13193 | Lair:4   | Noticed Nergalle
 13206 | Lair:4   | Killed Nergalle
 13207 | Lair:4   | Reached skill level 10 in Polearms
 13279 | Lair:4   | Found a staircase to the Snake Pit.
 13622 | Lair:4   | Gained mutation: You occasionally shout uncontrollably at
                  | your foes. [hidden defects]
 13622 | Lair:4   | Lost mutation: You have hidden genetic defects. [hidden
                  | defects expressed]
 14548 | Lair:5   | Reached skill level 15 in Shields
 14565 | Lair:5   | Reached skill level 10 in Fighting
 14614 | Lair:5   | Found a staircase to the Slime Pits.
 15070 | Lair:6   | Entered Level 6 of the Lair of Beasts
 15130 | Slime:1  | Entered Level 1 of the Pits of Slime
 15130 | Slime:1  | Noticed a quicksilver ooze
 15294 | Orc:1    | Entered Level 1 of the Orcish Mines
 15730 | Orc:1    | Noticed Erolcha
 15737 | Orc:1    | Killed Erolcha
 15876 | Orc:2    | Entered Level 2 of the Orcish Mines
 16039 | Orc:2    | Found a staircase to the Elven Halls.
 16173 | Orc:2    | HP: 4/169 [something (8)]
 16179 | Orc:2    | HP: 5/171 [something (1)]
 16180 | Orc:2    | Slain by an ogre mage

Illustrated notes

Levels and vault maps discovered:
D:1:      lightli_arrival_flooded_house, layout_loops_ring
D:2:      layout_basic, serial_glass, glass_columns_a, glass_columns_b,
          glass_columns_b, glass_columns_a, glass_columns_b, glass_columns_b,
          glass_columns_a, glass_columns_b, glass_columns_b, glass_columns_c,
          chequers_ecumenical_altar_grove, chequers_serial_rivers_room_b,
          st_stairs_8
D:3:      layout_loops_ring, amcnicky_mini_corridor_feature,
          nicolae_underground_beach
D:4:      layout_rooms
D:5:      layout_basic, chequers_serial_rivers_room_b, chequers_big_river
D:6:      layout_loops_cross, minmay_temple_entry_nine_rooms,
          ebering_ghost_rock_garden, minmay_shop_mass
D:7:      layout_basic, lemuel_doored_altar, gammafunk_ghost_grave,
          uniq_prince_ribbit1
D:8:      layout_loops_ring, david_lair_generic
D:9:      layout_loops_ring, orc_0_dummy
Lair:1:   layout_cave_pods, grunt_megastairs_5, infiniplex_staircase_pool,
          lemuel_fruit_fields, lemuel_fruit_tree, uniq_maggie
Lair:2:   layout_chaotic_city
Lair:3:   layout_roguey, minmay_shoals_entry_hut
Lair:4:   layout_long_grid, guppyfry_snake_entry_island, uniq_nessos,
          uniq_nergalle
Lair:5:   layout_gridlike, minmay_slime_entry_pillars
Lair:6:   hangedman_lair_tendril_chambers, layout_gridlike, wormcave,
          lemuel_fruit_fields
Slime:1:  layout_caves, basic_altar
Orc:1:    layout_diamond_mine, basic_altar, roderic_batcave, uniq_erolcha
Orc:2:    st_orc_ogre_mass, layout_diamond_mine, nicolae_orc_lava_room

Skill      XL: |  1  2  3  4  5  6  7  8  9 10 11 12 13 |
---------------+----------------------------------------+-----
Fighting       | 4 5 6 7 9 10 | 10.3
Axes           | 4 5 6 7 8 9 10 11 12 | 12.9
Shields        | 1 2 3 4 6 8 10 12 14 15 | 15.9
Armour         | 3 4 5 7 9 11 12 13 14 | 14.0
Polearms       | 6 9 12 | 12.2
Throwing       | 1 |  1.0
Evocations     | 1 |  1.7
Dodging        | |  2.1

Action                   |  1- 3 |  4- 6 |  7- 9 | 10-12 | 13-15 || total
-------------------------+-------+-------+-------+-------+-------++-------
Melee: Hand axe          |   104 |   103 |   286 |   219 |       ||   712
       Headbutt          |    14 |    20 |    61 |   191 |    84 ||   370
       Spear             |       |       |       |   512 |   381 ||   893
       War axe           |       |       |       |    14 |       ||    14
Throw: Dart              |       |       |     1 |     1 |       ||     2
Invok: Berserk           |     3 |     5 |     6 |    18 |     5 ||    37
       Trog's Hand       |       |       |       |     4 |       ||     4
       Brothers in Arms  |       |       |       |     2 |     2 ||     4
Evoke: Wand              |       |       |     3 |     9 |     6 ||    18
  Use: Scroll            |     4 |     5 |     7 |     9 |     2 ||    27
       Potion            |       |       |       |     2 |     1 ||     3
 Stab: Distracted        |       |       |       |     1 |       ||     1
Armor: Ring mail         |    17 |       |       |       |       ||    17
       Leather armour    |     1 |       |       |       |       ||     1
       Animal skin       |     1 |       |       |       |       ||     1
       Chain mail        |    17 |    33 |    84 |     5 |       ||   139
       Plate armour      |       |       |       |   214 |   132 ||   346
Dodge: Dodged            |    33 |    27 |    48 |    88 |    63 ||   259
Block: Kite shield       |    27 |    50 |   166 |   412 |   249 ||   904
       Reflection        |       |       |       |    10 |     5 ||    15

Table legend: (Time is in decaauts)
 A = Elapsed time spent in this place.
 B = Non-inter-level travel time spent in this place.
 C = Inter-level travel time spent in this place.
 D = Time resting spent in this place.
 E = Time spent auto-exploring this place.
 F = Levels seen in this place.
 G = Mean time per level.
                   A        B        C        D        E       F      G
               +--------+--------+--------+--------+--------+-----+--------+
         Total |  16215 |  15333 |    882 |   3148 |   8222 |  18 |  900.8 |
       Dungeon |   9801 |   9337 |    464 |   1942 |   5046 |   9 | 1089.0 |
          Lair |   5581 |   5190 |    391 |   1067 |   2834 |   6 |  930.2 |
    Slime Pits |      1 |      1 |      0 |      0 |      0 |   1 |    1.0 |
  Orcish Mines |    829 |    803 |     26 |    138 |    342 |   2 |  414.5 |
               +--------+--------+--------+--------+--------+-----+--------+

Top non-repeatable levels by time:
     D:8: 1542 daAuts
     D:7: 1450 daAuts
  Lair:3: 1348 daAuts
  Lair:1: 1346 daAuts
     D:5: 1232 daAuts
     D:9: 1162 daAuts
  Lair:5: 1147 daAuts
     D:6: 1123 daAuts
     D:3: 990 daAuts
  Lair:4: 901 daAuts
  Lair:2: 834 daAuts
     D:2: 834 daAuts
     D:1: 765 daAuts
     D:4: 701 daAuts
   Orc:1: 560 daAuts
